 Dungeon Crawl Stone Soup version 0.29.1-14-g9c671dbff4 (webtiles) character file.

Game seed: 1521584506883227012

139 Gabide the Magician (level 4, -1/33 HPs)
             Began as a Demigod Conjurer on Feb 16, 2023.
             Slain by a gnoll
             ... wielding a +0 flail
              (4 damage)
             ... on level 2 of the Dungeon.
             The game lasted 00:05:33 (2140 turns).

Gabide the Magician (Demigod Conjurer)              Turns: 2140, Time: 00:05:34

Health: -1/33      AC:  2    Str:  8    XL:     4   Next: 70%
Magic:  19/22      EV: 12    Int: 24    God:
Gold:   102        SH:  0    Dex: 12    Spells: 8/11 levels left

rFire   . . .      SeeInvis .   (no weapon)
rCold   . . .      Faith    .   (no shield)
rNeg    . . .      Spirit   .   a - +0 robe
rPois   .          Reflect  .   (no helmet)
rElec   .          Harm     .   (no cloak)
rCorr   .          Rampage  .   (no gloves)
Will    .....                   (no boots)
Stlth   ++........              (no amulet)
HPRegen 0.11/turn               e - ring of magical power
MPRegen 0.18/turn               (no ring)

@: no status effects
A: high MP 1, forlorn, divine attributes
a: no special abilities


You were on level 2 of the Dungeon.
You visited 1 branch of the dungeon, and saw 2 of its levels.

You collected 102 gold pieces.

Inventory:

Missiles
 l - a throwing net
Armour
 a - a +0 robe (worn)
Jewellery
 e - a ring of magical power (left hand)
Scrolls
 c - a scroll of noise {unknown}
 h - 2 scrolls of poison
 i - a scroll of enchant weapon {unknown}
 j - 2 scrolls of teleportation {unknown}
 k - 2 scrolls of identify
Potions
 b - a potion of magic
 f - a potion of brilliance
 g - a potion of haste {unknown}
 m - a potion of invisibility {unknown}


   Skills:
 - Level 2.0 Dodging
 - Level 2.1 Stealth
 - Level 4.0 Spellcasting
 + Level 3.9 Conjurations


You had 8 spell levels left.
You knew the following spells:

 Your Spells              Type           Power      Damage    Failure   Level
a - Magic Dart            Conj           92%        1d7       1%          1
b - Searing Ray           Conj           46%        2d6       3%          2

Your spell library contained the following spells:

 Spells                   Type           Power      Damage    Failure   Level
 Dazzling Flash           Conj/Hex       28%        N/A       13%         3
 Ensorcelled Hibernation  Hex/Ice        8%         N/A       14%         2
 Passwall                 Tmut/Erth      3%         N/A       14%         2
 Swiftness                Air            4%         N/A       28%         3
 Fulminant Prism          Conj/Hex       7%         3d7       41%         4
 Iskenderun's Mystic Bla  Conj/Tloc      14%        2d5       41%         4
 Petrify                  Tmut/Erth      4%         N/A       67%         4
 Metabolic Englaciation   Hex/Ice        2%         N/A       95%         5
 Statue Form              Tmut/Erth      2%         N/A       100%        6


Dungeon Overview and Level Annotations

Branches:
Dungeon (2/15)


Innate Abilities, Weirdness & Mutations

You have an increased reservoir of magic. (+10% MP)
You shall have no god before yourself.
Your divine heritage dramatically boosts your attributes as you level up.


Message History

* * * LOW HITPOINT WARNING * * *
The jackal bites you but does no damage.
The jackal misses you.
You barely miss the jackal.
You feel less invigorated.
You feel less confused. The jackal closely misses you.
The gnoll barely misses you. The jackal closely misses you.
The jackal barely misses you.
The gnoll hits you from afar with a +0 halberd!
Casting: Searing Ray (safe; 3% risk of failure)
Confirm with . or Enter, or press ? or * to list all spells.
Aiming: Searing Ray (safe; 3% risk of failure)
Press: ? - help, Shift-Dir - straight line, f/p - gnoll
Aim: a gnoll, wielding a +0 halberd (moderately wounded, 81% to hit)
The searing ray hits the jackal.
The jackal is almost dead.
The searing ray hits the gnoll!
The gnoll is severely wounded. (Press . to maintain the ray.)
The jackal bites you. The jackal closely misses you. The gnoll misses you.
The gnoll hits you with a +0 flail.
* * * LOW HITPOINT WARNING * * *
Unknown command.
The searing ray hits the jackal.
You kill the jackal!
The searing ray hits the gnoll!
You kill the gnoll!
The gnoll hits you with a +0 flail.
* * * LOW HITPOINT WARNING * * *
Unknown command.
Aiming: Magic Dart (safe; 1% risk of failure)
Press: ? - help, Q - select action, (/) - cycle Shift-Dir - straight line, f - gnoll
Aim: a gnoll, wielding a +0 flail (lightly wounded, 100% to hit)
The magic dart hits the gnoll.
The gnoll is heavily wounded.
The gnoll hits you with a +0 flail.
* * * LOW HITPOINT WARNING * * *
Unknown command.
The gnoll hits you with a +0 flail.
You die...

##..###...#...######.......
##..###†...#..............
##.......#####....##..###
#.............##..#..###
#)............#.†##...##
####.............##......##
...........)..........#....##
....).......g..............##
......♣♣♣.$.@.♣....#.......##
...... ♣♣♣.♣♣♣....#..##...##
...... ♣♣♣ ♣..#....##...##
....## ♣♣..#...###.### ....
♣............. ♣.....###.....
♣♣.....###....
♣..............
.....†...##....


You could see a gnoll.

Vanquished Creatures
  7 gnolls (D:2)
  2 adders (D:2)
  A dart slug (D:1)
  4 bats
  6 endoplasms
  3 giant cockroaches (D:1)
  2 goblins (D:1)
  3 hobgoblins
  7 jackals (D:2)
  4 kobolds
  A quokka (D:1)
  3 ball pythons
  3 frilled lizards (D:1)
  5 rats
51 creatures vanquished.

Notes
Turn   | Place    | Note
-------+----------+-------------------------------------------
     0 | D:1      | Gabide the Demigod Conjurer began the quest for the Orb.
     0 | D:1      | Reached XP level 1. HP: 14/14 MP: 5/5
   335 | D:1      | Reached skill level 2 in Spellcasting
   335 | D:1      | Reached XP level 2. HP: 20/20 MP: 1/7
  1436 | D:2      | Reached XP level 3. HP: 26/26 MP: 9/9
  1570 | D:2      | Reached skill level 3 in Spellcasting
  1894 | D:2      | Reached XP level 4. HP: 25/33 MP: 9/12
  1910 | D:2      | Learned a level 2 spell: Searing Ray
  2086 | D:2      | Identified the +4 dagger "Raisin" {freeze, rC+ rN+ Dex+3}
  2115 | D:2      | Reached skill level 4 in Spellcasting
  2140 | D:2      | Slain by a gnoll

Illustrated notes

Levels and vault maps discovered:
D:1:      dpeg_arrival_tiny_d, layout_basic, serial_curves, eino_curves_04,
          eino_curves_03, eino_curves_01, chequers_serial_rivers_micro_a,
          st_stairs_14
D:2:      layout_rooms, chequers_ecumenical_altar_grove, basic_altar,
          minmay_pentomino_u2, uniq_sigmund

Skill      XL: |  1  2  3  4 |
---------------+-------------+-----
Stealth        | 2 |  2.1
Dodging        | 2 |  2.0
Spellcasting   | 2 3 4 |  4.0
Conjurations   | |  3.9

Action                   |  1- 3 |  4- 6 || total
-------------------------+-------+-------++-------
Melee: Unarmed           |       |     1 ||     1
 Cast: Magic Dart        |    93 |    16 ||   109
       Searing Ray       |       |     2 ||     2
  Use: Scroll            |     3 |       ||     3
       Potion            |       |     1 ||     1
Armor: Robe              |     2 |     6 ||     8
Dodge: Dodged            |     5 |    33 ||    38
